 Dungeon Crawl Stone Soup version 0.17-a0-484-g0e03f6a (webtiles) character file.

3676 Chiseanne the Nimble (level 9, -10/64 HPs)
             Began as a High Elf Monk on Apr 10, 2015.
             Was a High Priest of Okawaru.
             Mangled by an orc knight
             ... wielding a +0 broad axe
              (38 damage)
             ... in a bailey.
             The game lasted 00:36:05 (8529 turns).

Chiseanne the Nimble (High Elf Monk)                Turns: 8529, Time: 00:36:05

Health: -10/64     AC: 17    Str: 13    XL:     9   Next: 89%
Magic:  12/12      EV: 22    Int: 19    God:    Okawaru [*****.]
Gold:   263        SH:  7    Dex: 20    Spells: 0 memorised, 8 levels left

rFire  + . .     SeeInvis .     a - +3 scimitar (freeze)
rCold  . . .     Clarity  .     J - +5 ring mail {MR+}
rNeg   + . .     SustAb   .     K - +0 buckler
rPois  .         Gourm    .     j - +0 helmet of Makhleb's Benevolence {rElec Int+6}
rElec  +         Spirit   .     t - +0 cloak
rCorr  .         Warding  +     (no gloves)
rMut   .         Stasis   .     c - +1 pair of boots
MR     +....                    r - amulet of warding
Stlth  +++.......               (no ring)
                                F - ring of protection from fire

@: heroism, somewhat resistant to hostile enchantments, fairly stealthy
A: no striking features
a: Heroism, Finesse, Renounce Religion


You were in a bailey.
You worshipped Okawaru.
Okawaru was extremely pleased with you.
You were not hungry.

You visited 1 branch of the dungeon, and saw 7 of its levels.
You also visited: Bailey.

You collected 263 gold pieces.

Inventory:

Hand weapons
 a - a +3 scimitar of freezing (weapon)
 s - a +2 hand axe of flaming
 w - a +4 blowgun
Missiles
 f - 67 arrows
 g - 57 sling bullets
 h - 5 javelins of returning (quivered)
 i - 27 bolts
 p - 4 tomahawks of dispersal
Armour
 c - a +1 pair of boots (worn)
 j - the +0 helmet of Makhleb's Benevolence (worn) {rElec Int+6}
   (You found it on level 5 of the Dungeon)

   It affects your intelligence (+6).
   It insulates you from electricity.
 t - a +0 cloak (worn)
 J - a +5 ring mail of magic resistance (worn)
 K - a +0 buckler (worn)
Jewellery
 r - an amulet of warding (around neck)
 B - an uncursed amulet of clarity {unknown}
 F - a ring of protection from fire (left hand)
Magical devices
 k - a wand of disintegration (7)
 H - a wand of fireball (0)
Scrolls
 m - 3 scrolls of fear
 n - 3 scrolls of teleportation
 o - a scroll of immolation
 q - a scroll of magic mapping
 y - 3 scrolls of remove curse
Potions
 d - 3 potions of brilliance
 e - a potion of flight
 v - 2 potions of curing
 x - 2 potions of ambrosia {unknown}
 A - 2 potions of mutation
 C - a potion of haste {unknown}
 D - a potion of cure mutation {unknown}
Comestibles
 b - 4 bread rations
 l - a meat ration
 z - 3 fruits
 G - a chunk of flesh


   Skills:
 - Level 7.1(12.1) Fighting
 * Level 4.7(9.7) Long Blades
 - Level 5.9(10.9) Throwing
 * Level 4.2(9.2) Armour
 - Level 9.3(14.3) Dodging
 - Level 2.1(7.1) Stealth
 * Level 3.1(8.1) Shields
 - Level 3.2(8.2) Unarmed Combat
 - Level 3.3 Invocations


You had 8 spell levels left.
You didn't know any spells.

Dungeon Overview and Level Annotations

Branches:
Dungeon (7/15)
 Temple: D:4-7

Altars:
Cheibriados
Dithmenos
Elyvilon
Fedhas
Okawaru
Zin

Annotations:
D:5 Grinder


Message History

Aim: an orc warlord, wielding a halberd and wearing a chain mail (almost dead) Nothing appears to happen.
Evoke which item? (* to show all) (? for menu, Esc to quit)
Zapping:
k - a wand of disintegration {zapped: 7} (will waste charges)
Press: ? - help, Shift-Dir - straight line, f/p - orc warlord
Aim: an orc warlord, wielding a halberd and wearing a chain mail (almost dead, chance 30%)
The orc warlord is blasted.
Evoking this partially-identified wand wasted a few charges.
The orc warlord roars a battlecry!
The orc knight goes into a battle-frenzy!
You hear a shout!
Drink which item? (? for menu, Esc to quit)
You feel better.
The orc warlord hits you from afar with a halberd.
The orc warlord closely misses you.
You hit the orc warlord. You freeze the orc warlord.
The orc warlord is almost dead.
The orc knight hits you with a broad axe!!!
Ouch! That really hurt!
You die...

####### ##..∩..## #.......#
##.......## #.........#
##.........##
#######.....⌠.....#######
##.....##.........##.....##
#......)'....@....).......#
##......)##...oo..##)).....##
#.........#...o...#.........#
##.........##88/88##.........##
#.....⌠.....###)###.....⌠.....#
##..)......## ))) ##.........##
#.........# ...o. #.........#
##.......##.).(...##.......##
#.......#.........#.......#


You could see an orc warlord, 2 orc knights and an orc warrior (frenzied).

Vanquished Creatures
  The ghost of Elizilla the Ruffian, an experienced TrMo (D:4)
  Eustachio (D:4)
  Menkaure (D:5)
  Edmund (D:4)
  Duvessa (D:7)
  An ice beast (D:5)
  8 orc warriors (Bailey)
  A sky beast (D:5)
  3 ogres
  A phantom (D:5)
  A centaur (D:7)
  A giant frog (D:6)
  A gnoll sergeant (D:7)
  Dowan (D:7)
  A scorpion (D:6)
  4 wights (D:7)
  A goliath beetle (D:6)
  4 orc priests
  Crazy Yiuf (D:3)
  A centaur skeleton (D:5)
  2 iguanas
  5 orc wizards
  A worker ant (D:7)
  2 hounds (D:4)
  Terence (D:5)
  A killer bee zombie (D:6)
  15 gnolls
  7 adders
  4 shadow imps
  4 worms
  An adder skeleton (D:4)
  8 giant geckos
  3 oozes (D:3)
  33 orcs
  A bat skeleton (D:7)
  4 giant cockroaches (D:2)
  25 goblins
  26 hobgoblins
  5 jackals
  16 kobolds
  2 quokkas
  2 ball pythons
  10 bats
  3 giant newts
  A jackal skeleton (D:4)
  A quokka zombie (D:7)
  17 rats
235 creatures vanquished.

Vanquished Creatures (collateral kills)
  An orc warrior (Bailey)
1 creature vanquished.

Vanquished Creatures (others)
  5 gnolls (Bailey)
  5 orcs (Bailey)
10 creatures vanquished.

Grand Total: 246 creatures vanquished

Notes
Turn   | Place    | Note
--------------------------------------------------------------
     0 | D:1      | Chiseanne, the High Elf Monk, began the quest for the Orb.
     0 | D:1      | Reached XP level 1. HP: 16/16 MP: 2/2
   452 | D:1      | Reached XP level 2. HP: 13/21 MP: 3/3
  1343 | D:2      | Reached skill level 4 in Dodging
  1343 | D:2      | Reached XP level 3. HP: 14/27 MP: 4/4
  1775 | D:2      | Reached XP level 4. HP: 28/33 MP: 5/5
  2666 | D:3      | Reached skill level 5 in Dodging
  2902 | D:3      | Noticed Terence
  3308 | D:3      | Reached XP level 5. HP: 37/37 MP: 6/6
  3499 | D:3      | Found an iron altar of Okawaru.
  3501 | D:3      | Found a glowing silver altar of Zin.
  3506 | D:3      | Found a snail-covered altar of Cheibriados.
  3507 | D:3      | Found a blossoming altar of Fedhas.
  3507 | D:3      | Found a white marble altar of Elyvilon.
  3510 | D:3      | Found a shadowy altar of Dithmenos.
  3522 | D:3      | Became a worshipper of Warmaster Okawaru
  3522 | D:3      | Acquired Okawaru's first power
  3625 | D:3      | Noticed Crazy Yiuf
  3649 | D:3      | Killed Crazy Yiuf
  3933 | D:4      | Noticed Elizilla's ghost (experienced TrMo)
  4003 | D:4      | Killed Elizilla's ghost
  4003 | D:4      | Reached skill level 5 in Fighting
  4003 | D:4      | Reached skill level 6 in Dodging
  4003 | D:4      | Reached skill level 1 in Invocations
  4003 | D:4      | Reached XP level 6. HP: 24/45 MP: 6/8
  4003 | D:4      | Reached XP level 7. HP: 26/50 MP: 6/9
  4244 | D:4      | Noticed Edmund
  4260 | D:4      | Killed Edmund
  4260 | D:4      | Received a gift from Okawaru
  4260 | D:4      | Reached skill level 7 in Dodging
  4456 | D:4      | Noticed Eustachio
  4466 | D:4      | Killed Eustachio
  4769 | D:5      | Entered Level 5 of the Dungeon
  4769 | D:5      | Noticed Menkaure
  4778 | D:5      | Killed Menkaure
  4778 | D:5      | Reached skill level 8 in Dodging
  4778 | D:5      | Reached XP level 8. HP: 32/57 MP: 10/10
  4989 | D:5      | Killed Terence
  5495 | D:5      | Got a polished helmet
  5506 | D:4      | Identified the +0 helmet of Makhleb's Benevolence {rElec Int+6} (You found it on level 5 of the Dungeon)
  5518 | D:4      | Reached skill level 1 in Armour
  5960 | D:5      | Received a gift from Okawaru
  6217 | D:5      | Noticed Grinder
  6255 | D:4      | Reached skill level 5 in Throwing
  6659 | D:6      | Reached skill level 9 in Dodging
  7033 | D:6      | Reached XP level 9. HP: 63/63 MP: 12/12
  7601 | D:7      | Received a gift from Okawaru
  7828 | D:7      | Noticed Duvessa
  7828 | D:7      | Noticed Dowan
  7844 | D:7      | Killed Duvessa
  7862 | D:7      | Killed Dowan
  7891 | D:7      | Acquired Okawaru's second power
  7900 | D:7      | Found a flagged portal.
  7907 | Bailey   | Entered a bailey
  7949 | Bailey   | Reached skill level 1 in Long Blades
  7949 | Bailey   | Reached skill level 1 in Shields
  8205 | Bailey   | Received a gift from Okawaru
  8465 | Bailey   | Noticed an orc warlord
  8466 | Bailey   | Noticed an orc knight
  8467 | Bailey   | Noticed an orc knight
  8529 | Bailey   | Mangled by an orc knight

Action                   |  1- 3 |  4- 6 |  7- 9 || total
-------------------------+-------+-------+-------++-------
Melee: Unarmed           |   140 |   164 |       ||   304
       Quarterstaff      |       |    15 |   241 ||   256
       Scimitar          |       |       |   184 ||   184
 Fire: Blowgun           |       |    26 |    91 ||   117
Throw: Tomahawk          |       |       |     6 ||     6
       Javelin           |       |       |     9 ||     9
Invok: Heroism           |       |       |     5 ||     5
Evoke: Wand              |       |       |    10 ||    10
  Use: Scroll            |     3 |    10 |    15 ||    28
       Potion            |       |     2 |     3 ||     5
 Stab: Sleeping          |     1 |     1 |     2 ||     4
       Paralysed         |       |       |     2 ||     2
       Petrified         |       |       |     1 ||     1
       Distracted        |       |       |     1 ||     1
  Eat: Chunk             |     3 |     5 |    16 ||    24
       Beef jerky        |       |     1 |       ||     1
